PBL
CALGARY FLAMES @ COLORADO AVALANCHE
10/08/2044
 
TOP OF THE 1ST
Calgary Flames batting - Pitching for Colorado Avalanche : RHP Ikumasa Asai
Pitching: RHP Ikumasa Asai
Batting: RHB Luis Juarez 0-0: Foul Ball, location: 2F
0-1: Ball
1-1: Called Strike
1-2: Strikes out swinging
Batting: RHB Brent Stewart 0-0: Swinging Strike
0-1: Called Strike
0-2: Ball
1-2: Strikes out looking
Batting: RHB Jordan Guajardo 0-0: Called Strike
0-1: Called Strike
0-2: Ball
1-2: Ball
2-2: Ball
3-2: Foul Ball, location: 2F
3-2: Foul Ball, location: 2F
3-2: Ground out 4-3 (Groundball, 4, EV 102.5 MPH)
Top of the 1st over - 0 runs, 0 hits, 0 errors, 0 left on base; Calgary 0 - Colorado 0
BOTTOM OF THE 1ST
Colorado Avalanche batting - Pitching for Calgary Flames : LHP Orlando Rod
Pitching: LHP Orlando Rod
Batting: LHB Robert Watson 0-0: Called Strike
0-1: Ball
1-1: Bunt missed!
1-2: Ground out 4-3 (Groundball, 4D, EV 114.4 MPH)
Batting: LHB Mark Von Behren 0-0: Ground out 4-3 (Groundball, 4, EV 85.0 MPH)
Batting: LHB Eric Haffer 0-0: Called Strike
0-1: Ball
1-1: Ball
2-1: Fly out, F8 (Flyball, 8RS, EV 85.6 MPH)
Bottom of the 1st over - 0 runs, 0 hits, 0 errors, 0 left on base; Calgary 0 - Colorado 0
TOP OF THE 2ND
Calgary Flames batting - Pitching for Colorado Avalanche : RHP Ikumasa Asai
Batting: RHB Andres Valles 0-0: Called Strike
0-1: Swinging Strike
0-2: Ball
1-2: Ball
2-2: Foul Ball, location: 2F
2-2: Ball
3-2: Foul Ball, location: 2F
3-2: Strikes out looking
Batting: SHB Rich Self 0-0: Called Strike
0-1: Ball
1-1: Called Strike
1-2: Strikes out swinging
Batting: RHB Bobby Light 0-0: Called Strike
0-1: Ball
1-1: Called Strike
1-2: Ball
2-2: Ball
3-2: Foul Ball, location: 2F
3-2: Strikes out swinging
Top of the 2nd over - 0 runs, 0 hits, 0 errors, 0 left on base; Calgary 0 - Colorado 0
BOTTOM OF THE 2ND
Colorado Avalanche batting - Pitching for Calgary Flames : LHP Orlando Rod
Batting: RHB Dylan Appeldoorn 0-0: Called Strike
0-1: Foul Ball, location: 2F
0-2: Ball
1-2: Ground out 4-3 (Groundball, 34, EV 78.1 MPH)
Batting: RHB Jesus Marquez 0-0: Fly out, F7 (Flyball, 78M, EV 78.8 MPH)
Batting: RHB Ernesto Munoz 0-0: Ball
1-0: Called Strike
1-1: Foul Ball, location: 2F
1-2: Strikes out swinging
Bottom of the 2nd over - 0 runs, 0 hits, 0 errors, 0 left on base; Calgary 0 - Colorado 0
TOP OF THE 3RD
Calgary Flames batting - Pitching for Colorado Avalanche : RHP Ikumasa Asai
Batting: LHB Silvio Mulder 0-0: Foul Ball, location: 2F
0-1: Foul Ball, location: 2F
0-2: Ground out 4-3 (Groundball, 4, EV 86.9 MPH)
Batting: RHB Glenn Viano 0-0: Ball
1-0: Foul Ball, location: 2F
1-1: Called Strike
1-2: Strikes out swinging
Batting: LHB Orlando Rod 0-0: Foul Ball, location: 2F
0-1: Ball
1-1: Called Strike
1-2: Ball
2-2: Strikes out looking
Top of the 3rd over - 0 runs, 0 hits, 0 errors, 0 left on base; Calgary 0 - Colorado 0
BOTTOM OF THE 3RD
Colorado Avalanche batting - Pitching for Calgary Flames : LHP Orlando Rod
Batting: RHB Ricardo Ortiz 0-0: Ball
1-0: Ball
2-0: SINGLE (Groundball, 6D, EV 96.9 MPH)
Batting: SHB In-sung Lee 0-0: Ball
Passed Ball!
Ricardo Ortiz to second
1-0: Fly out, F4 (Popup, 23, EV 88.1 MPH)
Batting: LHB Ikumasa Asai 0-0: Ball
1-0: SINGLE (Groundball, 6MD, EV 97.5 MPH)
Ricardo Ortiz to third
Runner from 3rd tries for Home, SAFE, no throw by CF
Batting: LHB Robert Watson 0-0: Called Strike
0-1: Foul Ball, location: 2F
0-2: Fly out, F8 (Flyball, 8RD, EV 93.1 MPH)
Batting: LHB Mark Von Behren 0-0: Ball
1-0: Foul Ball, location: 2F
1-1: Ball
2-1: SINGLE (Groundball, 6MD, EV 105.6 MPH)
Ikumasa Asai to second
Runner from 2nd tries for 3rd, SAFE, throw by CF made to third
Batting: LHB Eric Haffer 0-0: Ball
1-0: Ball
2-0: Ball
3-0: Called Strike
3-1: SINGLE (Flyball, 7S, EV 87.5 MPH)
Ikumasa Asai scores
Mark Von Behren to second
Batting: RHB Dylan Appeldoorn 0-0: Fielders Choice at 2nd, 5-4 (Groundball, 5L, EV 85.6 MPH)
Bottom of the 3rd over - 2 runs, 4 hits, 0 errors, 2 left on base; Calgary 0 - Colorado 2
TOP OF THE 4TH
Calgary Flames batting - Pitching for Colorado Avalanche : RHP Ikumasa Asai
Batting: RHB Luis Juarez 0-0: Called Strike
0-1: Called Strike
0-2: TRIPLE (Line Drive, 78XD, EV 101.9 MPH)
Batting: RHB Brent Stewart 0-0: Ball
1-0: Foul Ball, location: 2F
1-1: Called Strike
1-2: Ball
2-2: Strikes out looking
Batting: RHB Jordan Guajardo 0-0: Ball
1-0: Called Strike
1-1: Called Strike
1-2: Foul Ball, location: 2F
1-2: Ball
2-2: Strikes out looking
Batting: RHB Andres Valles 0-0: Called Strike
0-1: Foul Ball, location: 2F
0-2: Strikes out looking
Top of the 4th over - 0 runs, 1 hit, 0 errors, 1 left on base; Calgary 0 - Colorado 2
BOTTOM OF THE 4TH
Colorado Avalanche batting - Pitching for Calgary Flames : LHP Orlando Rod
Batting: RHB Jesus Marquez 0-0: Called Strike
0-1: Ball
1-1: Foul Ball, location: 2F
1-2: Ball
2-2: Fly out, F7 (Flyball, 78D, EV 101.9 MPH)
Batting: RHB Ernesto Munoz 0-0: Ball
1-0: Ball
2-0: Ball
3-0: Called Strike
3-1: Base on Balls
Batting: RHB Ricardo Ortiz 0-0: Fly out, F3 (Popup, 3SF, EV 68.1 MPH)
Batting: SHB In-sung Lee 0-0: Fly out, F8 (Flyball, 89M, EV 76.3 MPH)
Bottom of the 4th over - 0 runs, 0 hits, 0 errors, 1 left on base; Calgary 0 - Colorado 2
TOP OF THE 5TH
Calgary Flames batting - Pitching for Colorado Avalanche : RHP Ikumasa Asai
Batting: SHB Rich Self 0-0: Called Strike
0-1: Called Strike
0-2: Ball
1-2: Reached on error, E5 (Groundball, 56, EV 100.6 MPH)
Batting: RHB Bobby Light 0-0: Ball
1-0: Fly out, F7 (Line Drive, 7, EV 90.6 MPH)
Batting: LHB Silvio Mulder 0-0: Called Strike
0-1: Foul Ball, location: 2F
0-2: Foul Ball, location: 2F
0-2: Foul Ball, location: 2F
0-2: Ball
1-2: Ball
2-2: Foul Ball, location: 2F
2-2: Strikes out looking
Batting: RHB Glenn Viano 0-0: Ball
1-0: Ball
2-0: Called Strike
2-1: Called Strike
2-2: Ball
3-2: Strikes out swinging
Top of the 5th over - 0 runs, 0 hits, 1 error, 1 left on base; Calgary 0 - Colorado 2
BOTTOM OF THE 5TH
Colorado Avalanche batting - Pitching for Calgary Flames : LHP Orlando Rod
Batting: LHB Ikumasa Asai 0-0: Foul Ball, location: 2F
0-1: Ball
1-1: Ball
2-1: Called Strike
2-2: Foul Ball, location: 2F
2-2: Ball
3-2: Fly out, F8 (Flyball, 8RM, EV 87.5 MPH)
Batting: LHB Robert Watson 0-0: Called Strike
0-1: Ground out U3 (Groundball, 3, EV 84.4 MPH)
Batting: LHB Mark Von Behren 0-0: Swinging Strike
0-1: Bunt - Flyout to 2L! F2
Bottom of the 5th over - 0 runs, 0 hits, 0 errors, 0 left on base; Calgary 0 - Colorado 2
TOP OF THE 6TH
Calgary Flames batting - Pitching for Colorado Avalanche : RHP Ikumasa Asai
Batting: LHB Orlando Rod 0-0: Fly out, F6 (Popup, 6MS, EV 63.8 MPH)
Batting: RHB Luis Juarez 0-0: Called Strike
0-1: Ball
1-1: Swinging Strike
1-2: Strikes out swinging
Batting: RHB Brent Stewart 0-0: Ball
1-0: Called Strike
1-1: Foul Ball, location: 2F
1-2: Strikes out swinging
Top of the 6th over - 0 runs, 0 hits, 0 errors, 0 left on base; Calgary 0 - Colorado 2
BOTTOM OF THE 6TH
Colorado Avalanche batting - Pitching for Calgary Flames : LHP Orlando Rod
Batting: LHB Eric Haffer 0-0: Called Strike
0-1: Foul Ball, location: 2F
0-2: Ball
1-2: Foul Ball, location: 2F
1-2: Ground out 4-3 (Groundball, 4, EV 83.1 MPH)
Batting: RHB Dylan Appeldoorn 0-0: Ball
1-0: Swinging Strike
1-1: Foul Ball, location: 2F
1-2: Foul Ball, location: 2F
1-2: Foul Ball, location: 2F
1-2: Fly out, F5 (Popup, 5SF, EV 67.5 MPH)
Batting: RHB Jesus Marquez 0-0: Ball
1-0: Called Strike
1-1: Foul Ball, location: 2F
1-2: Foul Ball, location: 2F
1-2: Strikes out swinging
Bottom of the 6th over - 0 runs, 0 hits, 0 errors, 0 left on base; Calgary 0 - Colorado 2
TOP OF THE 7TH
Calgary Flames batting - Pitching for Colorado Avalanche : RHP Ikumasa Asai
Batting: RHB Jordan Guajardo 0-0: Ball
1-0: Ball
2-0: Called Strike
2-1: Fly out, F9 (Flyball, 89S, EV 83.1 MPH)
Batting: RHB Andres Valles 0-0: Ball
1-0: Swinging Strike
1-1: Called Strike
1-2: Ball
2-2: Strikes out looking
Batting: SHB Rich Self 0-0: Foul Ball, location: 2F
0-1: Ball
1-1: Swinging Strike
1-2: Strikes out swinging
Top of the 7th over - 0 runs, 0 hits, 0 errors, 0 left on base; Calgary 0 - Colorado 2
BOTTOM OF THE 7TH
Colorado Avalanche batting - Pitching for Calgary Flames : LHP Orlando Rod
Pitching: RHP David Fader
Batting: RHB Ernesto Munoz 0-0: Foul Ball, location: 2F
0-1: Ball
1-1: Fly out, F7 (Flyball, 7S, EV 86.9 MPH)
Batting: RHB Ricardo Ortiz 0-0: Fly out, F3 (Popup, 3F, EV 62.5 MPH)
Batting: SHB In-sung Lee 0-0: Ball
1-0: Called Strike
1-1: Fly out, F8 (Flyball, 78D, EV 85.6 MPH)
Bottom of the 7th over - 0 runs, 0 hits, 0 errors, 0 left on base; Calgary 0 - Colorado 2
TOP OF THE 8TH
Calgary Flames batting - Pitching for Colorado Avalanche : RHP Ikumasa Asai
Batting: RHB Bobby Light 0-0: Swinging Strike
0-1: Ball
1-1: SINGLE (Line Drive, 89M, EV 93.1 MPH)
Pitching: LHP Chris Walker
Batting: LHB Silvio Mulder 0-0: Called Strike
0-1: Foul Ball, location: 2F
0-2: Ball
1-2: Ball
2-2: Ball
3-2: Ground out 4-3 (Groundball, 4, EV 76.9 MPH)
Bobby Light to second
Batting: RHB Glenn Viano 0-0: Ball
1-0: Ball
2-0: Ball
3-0: Called Strike
3-1: Ground out U3 (Groundball, 3, EV 81.9 MPH)
Bobby Light to third
Pinch Hitting: RHB Victor Frias 0-0: Ball
1-0: Swinging Strike
1-1: Foul Ball, location: 2F
1-2: Ground out 6-3 (Groundball, 6, EV 79.4 MPH)
Top of the 8th over - 0 runs, 1 hit, 0 errors, 1 left on base; Calgary 0 - Colorado 2
BOTTOM OF THE 8TH
Colorado Avalanche batting - Pitching for Calgary Flames : RHP David Fader
Pitching: RHP Chase Frawley
Pinch Hitting: RHB Jorge Rubio 0-0: Swinging Strike
0-1: Called Strike
0-2: Ball
1-2: Ball
2-2: Foul Ball, location: 2F
2-2: Strikes out looking
Batting: LHB Robert Watson 0-0: Fly out, F8 (Flyball, 8LD, EV 102.5 MPH)
Batting: LHB Mark Von Behren 0-0: Ball
1-0: Ball
2-0: Called Strike
2-1: Ball
3-1: Called Strike
3-2: Foul Ball, location: 2F
3-2: Base on Balls
Batting: LHB Eric Haffer 0-0: Swinging Strike
0-1: Called Strike
0-2: Foul Ball, location: 2F
0-2: Ball
1-2: Foul Ball, location: 2F
1-2: Ball
2-2: Fly out, F7 (Flyball, 7S, EV 84.4 MPH)
Bottom of the 8th over - 0 runs, 0 hits, 0 errors, 1 left on base; Calgary 0 - Colorado 2
TOP OF THE 9TH
Calgary Flames batting - Pitching for Colorado Avalanche : LHP Chris Walker
Pitching: RHP Paul Miley
Now at 1B: Arend Sandstrod
Now at 2B: Frank Grimes
Now in CF: Mike Roberts
Batting: RHB Luis Juarez 0-0: Ball
1-0: Swinging Strike
1-1: Ball
2-1: Ball
3-1: Base on Balls
Pinch Hitting: RHB Cody Rector 0-0: Ball
1-0: Fly out, F7 (Flyball, 7LMF, EV 83.1 MPH)
Batting: RHB Jordan Guajardo 0-0: Ball
1-0: Ball
2-0: Called Strike
2-1: Foul Ball, location: 2F
2-2: Grounds into double play, 6-4-3 (Groundball, 6, EV 105.0 MPH)
Top of the 9th over - 0 runs, 0 hits, 0 errors, 0 left on base; Calgary 0 - Colorado 2
Thursday, March 31st , 2022 - OOTP Baseball 22.12 Build 89